 Dungeon Crawl Stone Soup version 0.25.0-9-g26727b657a (webtiles) character file.

Game seed: 9223755205899237404

12061 lepoulpe303 the Cleaver (level 11, 0/99 HPs)
             Began as a Deep Dwarf Fighter on June 16, 2020.
             Was an Elder of Makhleb.
             Slain by a stone giant (34 damage)
             ... on level 2 of the Orcish Mines.
             The game lasted 00:37:07 (7899 turns).

lepoulpe303 the Cleaver (Deep Dwarf Fighter)        Turns: 7899, Time: 00:37:08

Health: 0/99       AC: 16    Str: 26 (28) XL:     11   Next: 57%
Magic:  16/16      EV:  7    Int:  8 (9)  God:    Makhleb [****..]
Gold:   1067       SH:  0    Dex: 10 (13) Spells: 10/10 levels left

rFire    . . .     SeeInvis .   a - +4 battleaxe (vamp)
rCold    . . .     Gourm    .   (shield currently unavailable)
rNeg     . . .     Faith    .   W - +1 plate armour {rPois} {rPois}
rPois    +         Spirit   .   (no helmet)
rElec    .         Reflect  .   v - +0 cloak
rCorr    .         Harm     .   (no gloves)
MR       +....                  (no boots)
Stlth    ..........             (no amulet)
HPRegen  0.00/turn              C - +6 ring of strength
MPRegen  0.15/turn              P - ring of poison resistance

@: non-regenerating
A: damage resistance, heal wounds, sense surroundings 2, no regeneration
a: Heal Wounds, Minor Destruction, Lesser Servant of Makhleb, Major Destruction,
Renounce Religion


You were on level 2 of the Orcish Mines.
You worshipped Makhleb.
Makhleb was greatly pleased with you.
You were not hungry.

You visited 3 branches of the dungeon, and saw 12 of its levels.
You also visited: Sewer.

You collected 1242 gold pieces.
You spent 175 gold pieces at shops.

Inventory:

Hand Weapons
 a - a +4 vampiric battleaxe (weapon)
 b - a +3 hand crossbow
 c - a +2 flail of protection
 J - a +5 war axe
 Q - a cursed +3 battleaxe of freezing
Missiles
 E - 17 poisoned darts
 K - 20 boomerangs
 N - 31 bolts
 O - 17 silver boomerangs (quivered)
Armour
 v - a +0 cloak (worn)
 R - a +0 kite shield
 W - a +1 plate armour of poison resistance (worn) {rPois}
Jewellery
 m - an uncursed ring of protection from magic
 C - a +6 ring of strength (left hand)
 F - an uncursed ring of protection from fire
 I - an uncursed amulet of faith {Faith, !P}
 P - a ring of poison resistance (right hand)
 S - an uncursed ring of see invisible
 U - a cursed -4 ring of evasion {unknown}
Wands
 y - a wand of paralysis (5)
 z - a wand of enslavement (2)
 T - a wand of flame (13)
Scrolls
 i - 2 scrolls of identify
 k - 2 scrolls of enchant weapon
 t - 5 scrolls of teleportation
 u - 4 scrolls of immolation {!r}
 w - 2 scrolls of remove curse
 x - a scroll of noise {unknown}
 A - a scroll of fear {unknown}
 D - 2 scrolls of blinking {unknown}
 H - a scroll of enchant armour {unknown}
Potions
 d - a potion of cancellation
 g - 2 potions of stabbing
 h - 3 potions of haste
 j - a potion of ambrosia
 l - 2 potions of heal wounds
 n - 4 potions of resistance
 o - a potion of lignification {!q}
 p - 2 potions of mutation {!q}
 q - 2 potions of curing
 s - a potion of berserk rage {!q}
 B - 2 potions of flight
 G - 4 potions of degeneration {!q}
Miscellaneous
 L - a lightning rod (4/4)
 M - a box of beasts
Comestibles
 e - 18 rations


   Skills:
 + Level 6.8 Fighting
 * Level 10.6 Axes
 * Level 6.7 Crossbows
 * Level 8.9 Armour
 - Level 7.2 Shields
 * Level 10.5 Invocations
 + Level 4.7 Evocations


You had 10 spell levels left.
You didn't know any spells.
Your spell library contained the following spells:

 Spells                   Type           Power        Failure   Level  Hunger
 Static Discharge         Conj/Air       #.......     100%        3    ####...
 Lightning Bolt           Conj/Air       #.........   100%        5    ######.
 Ignition                 Fire           #.........   100%        8    #######
 Shatter                  Erth           #.........   100%        9    #######
 Tornado                  Air            #.........   100%        9    #######


Dungeon Overview and Level Annotations

Branches:
Dungeon (9/15)             Temple (1/1) D:4             Orc (2/2) D:9
  Sewer (visited)
   Lair: D:8-11         Elf: Orc:2

Altars:
Ashenzari
Cheibriados
Dithmenos
Elyvilon
Gozag
Hepliaklqana
Makhleb
Nemelex Xobeh
Okawaru
Qazlal
Uskayaw
Vehumet
Wu Jian
Yredelemnul
Zin

Shops:
D:5 :   D:7 *   Orc:2 %

Portals:
Ice
Cave: Orc:2


Innate Abilities, Weirdness & Mutations

You are resistant to damage.
You can heal yourself by infusing magical energy.
You passively map the area around you.
You do not regenerate.


Message History

You feel a sense of dread.
a - a +4 vampiric battleaxe (weapon)
The stone giant hits you.
* * * LOW HITPOINT WARNING * * *
You take 2 damage, and have 52/99 hp.
You slice the stone giant!!
You feel better.
The stone giant hits you but does no damage.
You regained 9 hp, and now have 61/99 hp.
You slash the stone giant! The stone giant completely misses you.
You hit the stone giant.
You feel better. The stone giant hits you!!
* * * LOW HITPOINT WARNING * * *
You take 14 damage, and have 47/99 hp.
You hit the stone giant but do no damage.
The stone giant hits you!
* * * LOW HITPOINT WARNING * * *
You take 13 damage, and have 34/99 hp.
You slice the stone giant!!
You hear the steady crackling of a distant melting archway.
The stone giant hits you!!
You die...

...#.)..........(..........##
.........##.........#.......##
.....#######........#.#......##
.......# #.........#####......#
......####$........####......<#
........#$.$........##.....####
........#......#....#.......#
..#.........#####C.......####
.##........#* #.@.......##
.###......#. ###.......# ##
##.....# ###..#### ##.... #...#
...# #..## * ## ##.# ###


You could see a stone giant.

Levels and vault maps discovered:
D:1:      wander_arrival_desolate, layout_loops_ring
D:2:      layout_loops_ring, nicolae_overflow_crystal_walls, first_ration,
          uniq_sigmund
D:3:      layout_basic
D:4:      layout_basic, minmay_temple_entry_statues_fountains, uniq_edmund,
          uniq_eustachio, uniq_natasha
D:5:      layout_rooms, serial_shops, shop, gup_sewer_entry_spiral,
          uniq_crazy_yiuf_cottage, uniq_blork_the_orc, uniq_pikel
D:6:      layout_rooms, lemuel_coloured_pillars_altar, lemuel_round_altar
D:7:      layout_rooms, lemuel_crystal_altar, serial_shops,
          nicolae_shop_statue_plus
D:8:      minmay_cut_squares, layout_basic, lemuel_doored_altar,
          lemuel_round_altar
D:9:      layout_cave_pools, serial_bayou, serial_bayou_ford_a,
          serial_bayou_lake_a, serial_bayou_pond_a, serial_bayou_pond_b,
          blue_anna_alchemist [blue_anna_fruit_fields, blue_anna_fruit_fields],
          minmay_unpleasant_kobolds
Temple:   lightli_temple_of_artemis
Orc:1:    layout_caves, uniq_jorgrun
Orc:2:    st_orc_elflike, layout_diamond_mine, serial_shops, nicolae_shop_stone,
          portal_ice_cave_entry_pillars_2, mines2_lemuel, uniq_azrael,
          uniq_sonja

Notes
Turn   | Place    | Note
-------+----------+-------------------------------------------
     0 | D:1      | lepoulpe303 the Deep Dwarf Fighter began the quest for the
                  | Orb.
     0 | D:1      | Reached XP level 1. HP: 20/20 MP: 1/1
    10 | D:1      | Identified a +0 dagger
    56 | D:1      | Identified a +0 club
    62 | D:1      | Reached XP level 2. HP: 20/27 MP: 2/2
    93 | D:1      | Identified a cursed +0 dagger
    93 | D:1      | Identified a +0 dagger
   109 | D:1      | Identified a +0 whip
   115 | D:1      | Identified a +0 dagger
   121 | D:1      | Identified a +0 club
   184 | D:1      | Identified a +0 dagger
   190 | D:1      | Reached skill level 3 in Axes
   243 | D:1      | Reached XP level 3. HP: 12/33 MP: 3/3
   262 | D:1      | Identified a +0 club
   314 | D:1      | Identified a +0 whip
   320 | D:1      | HP: 6/33 [kobold/+0 whip (3)]
   324 | D:1      | Reached skill level 3 in Fighting
   376 | D:1      | Identified a +0 whip
   467 | D:1      | Identified a +0 club
   640 | D:1      | Identified 2 scrolls of remove curse
   641 | D:1      | Identified a ring of protection from fire (You found it on
                  | level 1 of the Dungeon)
   642 | D:1      | Identified a ring of see invisible (You found it on level 1
                  | of the Dungeon)
   644 | D:1      | Identified a ring of poison resistance (You found it on
                  | level 1 of the Dungeon)
   771 | D:2      | Found a hide-covered altar of Uskayaw.
   862 | D:2      | Identified a +0 dagger
   927 | D:2      | Identified a cursed +0 scythe
   927 | D:2      | Identified a +1 robe
   927 | D:2      | Noticed Sigmund
   944 | D:2      | Killed Sigmund
   944 | D:2      | Reached skill level 4 in Axes
   944 | D:2      | Reached skill level 4 in Armour
   944 | D:2      | Reached skill level 4 in Shields
   944 | D:2      | Reached XP level 4. HP: 29/42 MP: 4/4
   944 | D:2      | Reached XP level 5. HP: 34/49 MP: 5/5
  1052 | D:2      | Identified a +0 club
  1379 | D:3      | Identified a +0 club
  1586 | D:3      | Identified a +0 dagger
  1653 | D:3      | Identified a +0 short sword
  1653 | D:3      | Identified a +0 ring mail
  1673 | D:3      | Identified a +0 flail
  1768 | D:3      | Identified a +0 club
  1857 | D:3      | Identified a +0 short sword
  2127 | D:3      | Identified a +0 plate armour (You found it on level 3 of
                  | the Dungeon)
  2144 | D:4      | Identified a +0 flail
  2147 | D:4      | Identified a +0 whip
  2156 | D:4      | Reached XP level 6. HP: 44/56 MP: 6/6
  2279 | D:4      | Identified a +0 dagger
  2279 | D:4      | Identified a +0 leather armour
  2282 | D:4      | Identified a +0 war axe
  2282 | D:4      | Identified a +0 ring mail
  2282 | D:4      | Identified a cursed -1 dagger
  2282 | D:4      | Identified a +4 dagger of pain
  2282 | D:4      | Identified a +0 robe
  2285 | D:4      | Identified a cursed -2 giant club
  2286 | D:4      | HP: 8/57 [orc priest/divine providence (9)]
  2310 | D:4      | Reached skill level 5 in Axes
  2393 | D:4      | Identified a +2 flail of protection
  2393 | D:4      | Identified a +0 scale mail
  2393 | D:4      | Noticed Edmund
  2419 | D:4      | Killed Edmund
  2419 | D:4      | Reached skill level 4 in Fighting
  2419 | D:4      | Reached skill level 5 in Armour
  2419 | D:4      | Reached XP level 7. HP: 37/64 MP: 5/5
  2473 | D:4      | Found a staircase to the Ecumenical Temple.
  2484 | Temple   | Entered the Ecumenical Temple
  2493 | Temple   | Became a worshipper of Makhleb the Destroyer
  2538 | D:4      | Reached skill level 5 in Shields
  2657 | D:4      | Identified a +0 rapier of protection
  2657 | D:4      | Identified a +0 leather armour
  2657 | D:4      | Noticed Eustachio
  2732 | D:4      | Killed Eustachio
  2732 | D:4      | Reached skill level 6 in Axes
  2732 | D:4      | Reached skill level 2 in Invocations
  2856 | D:4      | Identified a +0 club
  2975 | D:4      | Noticed Natasha
  2983 | D:4      | Killed Natasha
  2989 | D:4      | Identified a +0 club
  2989 | D:4      | Identified a +0 leather armour
  3176 | D:4      | Identified a +0 cloak (You found it on level 4 of the
                  | Dungeon)
  3215 | D:5      | Entered Level 5 of the Dungeon
  3215 | D:5      | Identified a +0 whip of flaming
  3215 | D:5      | Identified a +0 robe of magic resistance
  3215 | D:5      | Noticed Pikel
  3240 | D:4      | Killed Pikel
  3240 | D:4      | Reached skill level 4 in Invocations
  3240 | D:4      | Reached XP level 8. HP: 36/73 MP: 6/9
  3257 | D:5      | Identified a +0 giant club
  3287 | D:5      | Identified a +0 hand axe
  3287 | D:5      | Identified a +2 robe of positive energy
  3287 | D:5      | Noticed Blork the orc
  3305 | D:5      | Killed Blork the orc
  3305 | D:5      | Reached skill level 7 in Axes
  3359 | D:5      | Found Vouskaneg's Book Shop.
  3393 | D:5      | Identified 7 scrolls of identify
  3393 | D:5      | Identified an amulet of magic regeneration (You found it on
                  | level 5 of the Dungeon)
  3395 | D:5      | Identified a ring of strength (You found it on level 3 of
                  | the Dungeon)
  3427 | D:5      | Found a runed translucent door.
  3428 | D:5      | Identified a +3 quarterstaff of chaos
  3428 | D:5      | Identified a +0 cloak
  3428 | D:5      | Noticed Crazy Yiuf
  3438 | D:5      | Identified a +0 shortbow
  3452 | D:5      | HP: 15/73 [centaur (8)]
  3453 | D:5      | Reached skill level 5 in Invocations
  3471 | D:5      | Identified a +0 short sword
  3471 | D:5      | Identified a +0 club
  3472 | D:5      | Identified a +0 dagger
  3472 | D:5      | Identified a +0 robe
  3472 | D:5      | Identified a +0 club
  3472 | D:5      | Identified a +0 leather armour
  3476 | D:5      | HP: 12/73 [orc priest/nerve-wracking pain (3)]
  3482 | D:5      | Reached skill level 6 in Armour
  3584 | D:5      | Reached * piety under Makhleb
  3621 | D:5      | Found a glowing drain.
  3625 | Sewer    | Entered a sewer
  3677 | Sewer    | Reached skill level 5 in Fighting
  4097 | D:5      | Killed Crazy Yiuf
  4097 | D:5      | Reached skill level 6 in Shields
  4232 | D:6      | Identified a +0 giant club
  4358 | D:6      | Gained mutation: You passively map the area around you.
                  | [Deep Dwarf growth]
  4358 | D:6      | Reached XP level 9. HP: 56/81 MP: 11/11
  4361 | D:6      | Reached skill level 6 in Invocations
  4391 | D:6      | Found a radiant altar of Vehumet.
  4610 | D:6      | Identified a +0 dagger
  4610 | D:6      | Identified a +0 robe
  4610 | D:6      | Identified a +0 mace
  4610 | D:6      | Identified a +0 ring mail
  4614 | D:6      | Identified a +0 dagger
  4614 | D:6      | Identified a +0 leather armour
  4658 | D:6      | Found a hazy altar of Hepliaklqana.
  4711 | D:6      | Identified a +0 giant club
  4738 | D:7      | Identified a +0 shortbow
  4741 | D:7      | Identified a +0 short sword of freezing
  4753 | D:6      | Reached skill level 8 in Axes
  4789 | D:6      | Identified 3 potions of resistance
  4790 | D:6      | Identified 2 potions of stabbing
  4791 | D:6      | Identified 2 potions of mutation
  4792 | D:6      | Identified 2 potions of haste
  4793 | D:6      | Identified a potion of lignification
  4794 | D:6      | Identified a potion of flight
  4795 | D:6      | Identified a potion of ambrosia
  4796 | D:6      | Identified a potion of curing
  4797 | D:6      | Identified a potion of cancellation
  4798 | D:6      | Identified a potion of heal wounds
  4799 | D:6      | Identified 4 scrolls of immolation
  4849 | D:7      | Reached ** piety under Makhleb
  4858 | D:7      | Reached skill level 7 in Invocations
  5061 | D:7      | Found Juruakk's Assorted Antiques.
  5069 | D:7      | Bought a runed hand crossbow for 175 gold pieces
  5069 | D:7      | Identified a +3 hand crossbow (You bought it in a shop on
                  | level 7 of the Dungeon)
  5070 | D:7      | Identified a +0 war axe
  5103 | D:7      | Found an ornate altar of the Wu Jian Council.
  5226 | D:7      | Identified 5 scrolls of teleportation
  5313 | D:8      | Found a snail-covered altar of Cheibriados.
  5363 | D:8      | Reached skill level 1 in Crossbows
  5397 | D:8      | Identified a cursed +2 scimitar
  5397 | D:8      | Identified a +0 robe
  5410 | D:8      | Identified a +0 dagger
  5410 | D:8      | Identified a +0 robe
  5410 | D:8      | Identified a cursed +0 halberd
  5410 | D:8      | Identified a +0 robe
  5420 | D:8      | Found the +4 Cigotuvi's embrace {rRot *Drain rN+}
  5503 | D:8      | Identified a +0 giant club
  5503 | D:8      | Identified a +0 giant club
  5503 | D:8      | Noticed a two-headed ogre
  5513 | D:8      | HP: 19/81 [two-headed ogre/+0 giant club (9)]
  5518 | D:8      | Killed a two-headed ogre
  5518 | D:8      | Reached skill level 2 in Crossbows
  5518 | D:8      | Reached skill level 7 in Armour
  5518 | D:8      | Reached skill level 8 in Invocations
  5534 | D:8      | Reached skill level 3 in Crossbows
  5588 | D:8      | Identified a +0 giant spiked club
  5590 | D:8      | Reached skill level 9 in Axes
  5620 | D:8      | Found the +0 sword of Power
  5770 | D:8      | Reached XP level 10. HP: 56/91 MP: 14/14
  5817 | D:8      | Identified a +0 trident
  5817 | D:8      | Identified a +0 mace
  5825 | D:8      | Identified a +0 dagger
  5864 | D:8      | Identified a +0 whip
  5881 | D:8      | Reached skill level 7 in Shields
  5908 | D:8      | Found an iron altar of Okawaru.
  6075 | D:9      | Identified a +2 vampiric battleaxe
  6075 | D:9      | Identified a +0 plate armour
  6151 | D:9      | Reached skill level 1 in Evocations
  6209 | D:9      | Reached *** piety under Makhleb
  6221 | D:9      | Identified a ring of teleportation (You found it on level 8
                  | of the Dungeon)
  6225 | D:9      | Identified an amulet of faith (You found it on level 8 of
                  | the Dungeon)
  6229 | D:9      | Identified a +0 giant club
  6253 | D:9      | Reached skill level 6 in Fighting
  6253 | D:9      | Identified a +5 war axe
  6253 | D:9      | Identified a +0 robe
  6256 | D:9      | Identified a +3 mace
  6256 | D:9      | Identified a +0 robe
  6257 | D:9      | Identified a +1 falchion of draining
  6257 | D:9      | Identified a +0 shortbow
  6257 | D:9      | Identified a cursed +0 battleaxe
  6257 | D:9      | Identified a +0 robe
  6266 | D:9      | Identified a +3 scimitar
  6266 | D:9      | Identified a +0 robe
  6268 | D:9      | Identified a cursed +3 battleaxe of freezing
  6268 | D:9      | Identified a +0 robe
  6272 | D:9      | Reached skill level 4 in Crossbows
  6282 | D:9      | HP: 22/91 [wight/+3 scimitar (1)]
  6283 | D:9      | Reached skill level 2 in Evocations
  6330 | D:9      | Found a staircase to the Orcish Mines.
  6380 | D:9      | Identified a ring of protection from magic (You found it on
                  | level 9 of the Dungeon)
  6421 | D:9      | Reached skill level 9 in Invocations
  6461 | D:9      | Identified a +0 short sword
  6685 | D:9      | Identified a +0 hand axe
  6691 | D:9      | Identified a +0 dagger
  6691 | D:9      | Identified a +0 robe
  6694 | D:9      | Identified a +0 mace
  6694 | D:9      | Identified a +0 leather armour
  6695 | D:9      | Identified a +0 flail
  6700 | D:9      | Identified a +0 falchion
  6715 | D:9      | Reached skill level 5 in Crossbows
  6715 | D:9      | Reached skill level 3 in Evocations
  6718 | D:9      | Reached **** piety under Makhleb
  7079 | D:9      | Identified 4 scrolls of enchant weapon
  7101 | Orc:1    | Entered Level 1 of the Orcish Mines
  7101 | Orc:1    | Identified a +0 mace
  7101 | Orc:1    | Identified a +0 dagger
  7101 | Orc:1    | Identified a +0 robe
  7101 | Orc:1    | Identified a +0 scimitar
  7101 | Orc:1    | Identified a +1 plate armour of poison resistance
  7101 | Orc:1    | Identified a +0 falchion
  7102 | Orc:1    | Identified a +0 dagger
  7102 | Orc:1    | Identified a +0 robe
  7103 | Orc:1    | Identified a +0 dagger
  7103 | Orc:1    | Identified a +0 ring mail
  7105 | Orc:1    | Identified a +0 antimagic dagger
  7105 | Orc:1    | Identified a +0 robe
  7106 | Orc:1    | Identified a +0 short sword
  7106 | Orc:1    | Identified a +0 chain mail
  7108 | Orc:1    | Identified a +0 club
  7108 | Orc:1    | Identified a +0 leather armour
  7108 | Orc:1    | Identified a +0 dire flail
  7108 | Orc:1    | Identified a +0 chain mail
  7110 | Orc:1    | Identified a +0 club
  7113 | Orc:1    | Identified a +0 short sword
  7115 | Orc:1    | Identified a +0 scimitar
  7115 | Orc:1    | Identified a +0 chain mail
  7121 | Orc:1    | Identified a cursed -2 giant club
  7124 | Orc:1    | Reached skill level 8 in Armour
  7128 | Orc:1    | Identified a cursed -3 giant spiked club
  7151 | Orc:1    | Identified a +0 whip
  7152 | Orc:1    | Identified a +0 dagger
  7152 | Orc:1    | Identified a +1 robe of magic resistance
  7152 | Orc:1    | Noticed an orc sorcerer
  7153 | Orc:1    | Reached skill level 10 in Axes
  7163 | Orc:1    | Killed an orc sorcerer
  7163 | Orc:1    | Reached XP level 11. HP: 76/99 MP: 16/16
  7165 | Orc:1    | Identified a +0 dagger
  7165 | Orc:1    | Identified a +0 robe
  7167 | Orc:1    | Identified a +0 flail
  7167 | Orc:1    | Identified a +0 ring mail
  7168 | Orc:1    | Identified a +0 club
  7169 | Orc:1    | Identified a +0 hand axe
  7169 | Orc:1    | Identified a +0 dagger
  7171 | Orc:1    | Identified a +0 scimitar
  7171 | Orc:1    | Identified a +0 chain mail
  7171 | Orc:1    | Identified a +0 flail
  7175 | Orc:1    | Identified a +0 dagger of electrocution
  7175 | Orc:1    | Identified a +0 leather armour
  7175 | Orc:1    | Identified a +0 hand axe
  7177 | Orc:1    | Identified a +0 dagger
  7177 | Orc:1    | Identified a +0 robe
  7177 | Orc:1    | Identified a +0 dagger
  7177 | Orc:1    | Identified a +0 robe
  7178 | Orc:1    | Identified a cursed +0 mace
  7178 | Orc:1    | Identified a +0 hand axe
  7179 | Orc:1    | Identified a +0 scimitar
  7179 | Orc:1    | Identified a +0 plate armour
  7179 | Orc:1    | Identified a +0 dire flail
  7179 | Orc:1    | Identified a +0 chain mail
  7180 | Orc:1    | Identified a +0 halberd
  7180 | Orc:1    | Identified a +0 plate armour
  7181 | Orc:1    | Identified a +0 club
  7181 | Orc:1    | Identified a +0 scale mail
  7183 | Orc:1    | Identified a cursed -2 short sword
  7183 | Orc:1    | Identified a +0 chain mail
  7184 | Orc:1    | Identified a +0 flail
  7184 | Orc:1    | Identified a +0 leather armour
  7187 | Orc:1    | Identified a +2 flail of holy wrath
  7187 | Orc:1    | Identified a +0 ring mail
  7189 | Orc:1    | Identified a +0 hand axe
  7189 | Orc:1    | Identified a +0 leather armour
  7189 | Orc:1    | Identified a +0 dagger
  7189 | Orc:1    | Identified a +0 robe
  7191 | Orc:1    | Identified a +0 dagger
  7191 | Orc:1    | Identified a cursed +0 robe
  7193 | Orc:1    | Identified a +0 flail
  7193 | Orc:1    | Identified a +0 leather armour
  7193 | Orc:1    | Identified a +0 hand axe
  7193 | Orc:1    | Identified a +0 leather armour
  7196 | Orc:1    | Identified a +0 leather armour
  7196 | Orc:1    | Identified a +0 dagger
  7196 | Orc:1    | Identified a +0 robe
  7197 | Orc:1    | Identified a +0 battleaxe
  7197 | Orc:1    | Identified a +0 plate armour
  7198 | Orc:1    | Identified a +0 club
  7198 | Orc:1    | Identified a +0 leather armour
  7318 | Orc:1    | Identified a +0 vorpal quarterstaff
  7318 | Orc:1    | Identified a cursed -1 robe
  7318 | Orc:1    | Noticed Jorgrun
  7336 | Orc:1    | Killed Jorgrun
  7336 | Orc:1    | Reached skill level 6 in Crossbows
  7336 | Orc:1    | Reached skill level 10 in Invocations
  7336 | Orc:1    | Reached skill level 4 in Evocations
  7556 | Orc:2    | Entered Level 2 of the Orcish Mines
  7596 | Orc:2    | Identified a +0 dagger
  7596 | Orc:2    | Identified a +0 robe
  7604 | Orc:2    | Identified a +0 long sword
  7604 | Orc:2    | Identified a +0 plate armour
  7604 | Orc:2    | Identified a +0 hand axe
  7606 | Orc:2    | Identified a +0 leather armour
  7607 | Orc:2    | Identified a +0 whip
  7642 | Orc:2    | Identified a +0 giant spiked club
  7642 | Orc:2    | Identified a cursed -2 giant club
  7642 | Orc:2    | Noticed a two-headed ogre
  7648 | Orc:2    | Killed a two-headed ogre
  7672 | Orc:2    | Found a frozen archway.
  7679 | Orc:2    | Found Meheill's Food Boutique.
  7694 | Orc:2    | Identified a +0 chain mail
  7694 | Orc:2    | Identified a +0 dagger
  7694 | Orc:2    | Identified a +0 robe
  7694 | Orc:2    | Identified a +0 flail
  7706 | Orc:2    | Identified a +0 dagger of venom
  7706 | Orc:2    | Noticed Sonja
  7714 | Orc:2    | Identified a +0 giant club
  7725 | Orc:2    | Killed Sonja
  7783 | Orc:2    | Noticed a stone giant
  7785 | Orc:2    | HP: 24/99 [stone giant/large rock (32)]
  7787 | Orc:2    | Identified 5 potions of degeneration
  7899 | Orc:2    | Slain by a stone giant

Table legend:
 A = Turns spent in this place as a percentage of turns spent in the entire game.
 B = Non-inter-level travel turns spent in this place as a percentage of non-inter-level travel turns spent in the entire game.
 C = Inter-level travel turns spent in this place as a percentage of turns spent in this place.
 D = Turns resting spent in this place as a percentage of non-inter-level travel turns spent in this place.
 E = Turns spent auto-exploring this place as a percentage of non-inter-level travel turns spent in this place.
 F = Non-inter-level travel turns spent in this place divided by the number of levels of this place that you've seen.
                   A       B       C       D       E      F
               +-------+-------+-------+-------+-------+----------------------
         Total | 100.0 | 100.0 |   7.8 |   0.0 |  68.5 | 560.2
       Dungeon |  88.0 |  87.6 |   8.2 |   0.0 |  70.1 | 709.0
        Temple |   0.2 |   0.2 |  36.8 |   0.0 |  33.3 |  12.0
  Orcish Mines |  10.1 |  10.4 |   4.8 |   0.0 |  58.6 | 380.0
         Sewer |   1.6 |   1.8 |   0.0 |   0.0 |  53.5 | 129.0
               +-------+-------+-------+-------+-------+----------------------

Table legend:
 A = Kills in this place as a percentage of kills in entire the game.
 B = Kills by you in this place as a percentage of kills by you in the entire game.
 C = Kills by friends in this place as a percentage of kills by friends in the entire game.
 D = Other kills in this place as a percentage of other kills in the entire game.
 E = Experience gained in this place as a percentage of experience gained in the entire game.
 F = Experience gained in this place divided by the number of levels of this place that you have seen.
                   A       B       C       D       E      F
               +-------+-------+-------+-------+-------+----------------------
         Total | 100.0 | 100.0 |   N/A | 100.0 | 100.0 | 1325.5
       Dungeon |  76.5 |  76.4 |   N/A | 100.0 |  55.9 | 1070.4
  Orcish Mines |  21.5 |  21.5 |   N/A |   0.0 |  43.5 | 3745.5
         Sewer |   2.1 |   2.1 |   N/A |   0.0 |   0.6 | 106.0
               +-------+-------+-------+-------+-------+----------------------

Skill      XL: |  1  2  3  4  5  6  7  8  9 10 11 |
---------------+----------------------------------+-----
Axes           | 3 4 5 6 7 9 10 | 10.6
Fighting       | 3 4 5 6 |  6.8
Armour         | 4 5 6 7 8 |  8.9
Shields        | 4 5 6 7 |  7.2
Invocations    | 4 5 8 9 10 | 10.5
Crossbows      | 3 5 6 |  6.7
Evocations     | 3 4 |  4.7

Action                   |  1- 3 |  4- 6 |  7- 9 | 10-12 || total
-------------------------+-------+-------+-------+-------++-------
Melee: War axe           |   150 |   143 |   392 |    75 ||   760
       Battleaxe         |       |       |       |   145 ||   145
 Fire: Hand crossbow     |       |       |    25 |    88 ||   113
Throw: Stone             |    32 |     6 |    20 |       ||    58
       Dart              |       |    24 |    67 |     7 ||    98
       Boomerang         |       |       |       |    14 ||    14
Invok: Lesser Servant of |       |       |       |     1 ||     1
 Abil: Heal Wounds       |     1 |     3 |     6 |     3 ||    13
Evoke: Wand              |       |       |       |     3 ||     3
       Box of beasts     |       |       |       |     1 ||     1
  Use: Scroll            |     2 |       |    13 |     5 ||    20
       Potion            |     1 |       |       |     1 ||     2
 Stab: Paralysed         |       |       |       |     5 ||     5
  Eat: Chunk             |     1 |     3 |    10 |     4 ||    18
       Ration            |       |     1 |       |     1 ||     2
Armor: Scale mail        |    73 |    28 |       |       ||   101
       Plate armour      |       |    16 |   206 |   202 ||   424
Dodge: Dodged            |    50 |    24 |    77 |   121 ||   272
Block: Kite shield       |    79 |    68 |   231 |    85 ||   463

Vanquished Creatures
  Jorgrun (Orc:1)
  2 two-headed ogres
  Sonja (Orc:2)
  Pikel (D:4)
  An orc sorcerer (Orc:1)
  A troll (D:9)
  3 hippogriffs
  Sigmund (D:2)
  Eustachio (D:4)
  3 yaks (D:9)
  Edmund (D:4)
  A warg (Orc:1)
  A slave (D:4)
  11 orc warriors
  2 ice beasts
  2 sky beasts (D:9)
  2 phantoms
  9 ogres
  3 centaurs
  6 big kobolds
  A crocodile (Sewer)
  Blork the orc (D:5)
  3 bullfrogs
  A wyvern zombie (D:8)
  3 scorpions (D:9)
  5 killer bees (D:9)
  8 wights
  2 howler monkeys (D:9)
  5 electric eels (D:9)
  2 crimson imps
  4 bullfrog skeletons
  A jelly (D:9)
  2 hounds (D:5)
  Crazy Yiuf (D:5)
  An iguana (D:9)
  15 orc wizards
  15 orc priests
  Natasha (D:4)
  7 worker ants
  A hound skeleton (D:7)
  2 worker ant zombies
  3 gnolls (D:4)
  A howler monkey skeleton (D:4)
  6 adders
  3 shadow imps
  An ooze (D:1)
  An adder skeleton (D:8)
  An adder zombie (D:5)
  5 worms
  5 dart slugs
  8 leopard geckos
  36 orcs
  A ball python (D:1)
  4 giant cockroaches
  8 goblins
  6 hobgoblins
  2 jackals (D:3)
  21 kobolds
  5 quokkas
  15 bats
  9 frilled lizards
  A leopard gecko zombie (D:6)
  13 rats
289 creatures vanquished.

Vanquished Creatures (others)
  A water moccasin zombie (D:5)
  A worker ant (D:5)
  An adder (D:5)
  2 orcs
  A giant cockroach (D:5)
  A quokka (D:5)
  4 plants (D:9)
11 creatures vanquished.

Grand Total: 300 creatures vanquished
